 Dungeon Crawl Stone Soup version 0.28-a0-1395-g4f6bc678fa (webtiles) character file.

Game seed: 7208301824883029978

6894 AverageBear the Cleaver (level 10, -12/81 HPs)
             Began as a Deep Dwarf Fighter on Jan 5, 2022.
             Was a Believer of Makhleb.
             Mangled by an ettin (27 damage)
             ... on level 2 of the Orcish Mines.
             The game lasted 00:15:44 (7237 turns).

AverageBear the Cleaver (Deep Dwarf Fighter)        Turns: 7237, Time: 00:15:46

Health: -12/81     AC: 21    Str: 24      XL:     10   Next: 79%
Magic:  6/6        EV:  9    Int:  8 (9)  God:    Makhleb [**....]
Gold:   992        SH:  9    Dex: 10 (12) Spells: 9/9 levels left

rFire   . . .      SeeInvis +   B - +0 hand axe (vorpal)
rCold   . . .      Faith    .   c - +0 buckler
rNeg    + . .      Spirit   .   k - +0 plate armour
rPois   .          Reflect  +   y - +0 helmet
rElec   .          Harm     .   (no cloak)
rCorr   .          Rampage  +   p - +2 pair of gloves
Will    +....                   x - +1 pair of boots
Stlth   ..........              C - amulet of Forphon {Reflect Rampage SH+5 Stlth+}
HPRegen 0.00/turn               i - ring of positive energy
MPRegen 0.10/turn               w - ring of see invisible

@: unable to read
A: damage resistance, heal wounds, sense surroundings 2, no regeneration, hooves
1, low mp 1, passive freeze, inability to read while threatened
a: Heal Wounds, Renounce Religion, Minor Destruction


You were on level 2 of the Orcish Mines.
You worshipped Makhleb.
Makhleb was pleased with you.
You visited 3 branches of the dungeon, and saw 12 of its levels.

You collected 992 gold pieces.

Inventory:

Hand Weapons
 a - a +0 war axe
 q - a +1 falchion of protection
 B - a +0 vorpal hand axe (weapon)
Armour
 c - a +0 buckler (worn)
 k - a +0 plate armour (worn)
 p - a +2 pair of gloves (worn)
 x - a +1 pair of boots (worn)
 y - a +0 helmet (worn)
 F - +0 acid dragon scales
Jewellery
 i - a ring of positive energy (left hand)
 l - a ring of protection from fire
 n - an amulet of guardian spirit
 o - a +6 ring of intelligence
 w - a ring of see invisible (right hand)
 C - the amulet of Forphon (around neck) {Reflect Rampage SH+5 Stlth+}
   (You acquired it on level 8 of the Dungeon)

   [amulet of reflection]

   It reflects blocked missile attacks.
   SH:        It affects your SH (+5).
   Rampage:   It bestows one free step when moving towards enemies.
   Stlth:     It makes you more stealthy.
Wands
 r - a wand of flame (7)
 D - a wand of paralysis (5)
 G - a wand of polymorph (2)
 H - a wand of iceblast (3)
Scrolls
 e - 5 scrolls of teleportation
 f - 2 scrolls of immolation
 s - 2 scrolls of fog
 u - a scroll of vulnerability
Potions
 d - a potion of might
 g - 4 potions of curing
 h - a potion of heal wounds
 j - a potion of berserk rage
 m - a potion of brilliance
 v - 3 potions of haste


   Skills:
 - Level 2.6 Fighting
 + Level 13.4 Axes
 - Level 9.1 Armour
 - Level 8.6 Dodging
 - Level 4.0 Shields


You had 9 spell levels left.
You didn't know any spells.
Your spell library contained the following spells:

 Spells                   Type           Power      Damage    Failure   Level
 Beastly Appendage        Tmut           0%         N/A       99%         1
 Foxfire                  Conj/Fire      0%         2x1d4     99%         1
 Wereblood                Tmut           0%         N/A       100%        2
 Conjure Flame            Conj/Fire      0%         6-21      100%        3
 Inner Flame              Hex/Fire       0%         N/A       100%        3
 Spider Form              Tmut/Pois      0%         N/A       100%        3
 Cause Fear               Hex            0%         N/A       100%        4
 Flame Wave               Conj/Fire      0%         2d4       100%        4
 Summon Ice Beast         Ice/Summ       0%         N/A       100%        4
 Summon Mana Viper        Hex/Summ       0%         N/A       100%        5
 Dragon Form              Tmut           0%         N/A       100%        7
 Monstrous Menagerie      Summ           0%         N/A       100%        7
 Dragon's Call            Summ           0%         N/A       100%        9


Dungeon Overview and Level Annotations

Branches:
Dungeon (9/15)             Temple (1/1) D:7             Orc (2/2) D:9
   Lair: D:8-11         Elf: Orc:2

Altars:
Ashenzari
Cheibriados
Dithmenos
Elyvilon
Fedhas
Gozag
Hepliaklqana
Kikubaaqudgha
Makhleb
Nemelex Xobeh
Okawaru
Qazlal
Ru
Sif Muna
Trog
Uskayaw
Vehumet
Wu Jian
Xom
Yredelemnul
Zin
The Shining One

Shops:
D:1 [   D:6 *   D:9 [   Orc:1 *

Annotations:
D:5 2 transporters, Firecrotchwizard's ghost, novice HOFi


Innate Abilities, Weirdness & Mutations

You are resistant to damage.
You can heal yourself by infusing magical energy.
You passively map the area around you.
You do not regenerate.
You have large cloven feet.
Your magical capacity is low. (-10% MP)
A frigid envelope surrounds you and freezes all who hurt you.
You sometimes lose the ability to read scrolls when taking damage.


Message History

Where to? (Enter - Orc:1, ? - help)
What level of the Orcish Mines? (default 1, ? - help)
Things that are here:
a +0 dagger; a +0 robe; an orc skeleton
Things that are here:
a +0 dagger; a +0 robe
There is a stone staircase leading down here.
You climb downwards.
You feel a wave of frost pass over you.
There is an entrance to an ice cave on this level.
Hurry and find it before the portal melts!
Found 52 gold pieces.
There is a stone staircase leading up here.
Blink to where?
Press: ? - help, Dir - move target
As you read the scroll labelled OTUICW CEELUE, it crumbles to dust.
It was a scroll of blinking.
You now have 963 gold pieces (gained 23).
You now have 992 gold pieces (gained 29).
There are no items here.
You're wearing all the rings you can.
Remove which one? (? for menu, Esc to cancel) < or
i - a ring of positive energy; > or
o - a +6 ring of intelligence You remove your +6 ring of intelligence.
You feel stupid.
w - a ring of see invisible (right hand)
An ettin comes into view.
It is wielding a +0 great mace and a +0 dire flail.
The ettin shouts in stereo!
You hear an angry hiss. x2
Found 30 gold pieces.
Throw: throwing net
Press: ? - help, Shift-Dir - straight line, f - ettin
Aim: an ettin, wielding a +0 great mace and a +0 dire flail (80% to hit, immune to nets)
You throw a throwing net. The throwing net hits the ettin.
The ettin is too large for the net to hold!
The ettin hits you with a +0 great mace!!
You feel threatened and lose the ability to read scrolls!
* * * LOW HITPOINT WARNING * * *
The ettin is very cold.
The ettin is lightly wounded.
The ettin hits you with a +0 dire flail!!
You die...

#...............###.###
#...<............#.....$*
#.......................,*
##...................... *
* #.........#..........#
*, ##.........#..........#
, * #.....................
, #...............#..... *
* #............#@C(...# ,
##..........###.#..≈# ,
###.........###...≈# ,
##.........# ...≈#
###......## ,..≈#* , ,
#.......# ..≈≈≈ #....##.##
, ,.... ,, ##..##### ....
*### ,


You could see an ettin.

Vanquished Creatures
  A two-headed ogre (D:9)
  Pikel (D:4)
  An orc sorcerer (Orc:1)
  Psyche (D:8)
  A troll (D:9)
  5 yaks (D:8)
  A steam dragon (D:8)
  3 acid dragons (D:9)
  7 orc warriors
  2 ice beasts
  A sky beast (D:7)
  2 black bears
  A necrophage (D:7)
  An ogre (Orc:1)
  3 lemures (D:4)
  7 centaurs
  A phantom (D:4)
  2 kobold brigands
  A bullfrog (D:7)
  A gnoll sergeant (D:5)
  3 wights (D:8)
  5 killer bees (D:8)
  5 howler monkeys
  8 electric eels (D:8)
  A jelly (D:7)
  A bullfrog zombie (D:6)
  2 centaur skeletons (D:7)
  A hound (D:5)
  4 orc priests
  4 iguanas
  Natasha (twice) (D:2)
  6 orc wizards
  A killer bee zombie (D:8)
  2 gnolls (D:5)
  7 adders
  3 white imps
  An adder skeleton (D:4)
  2 worms
  A dart slug (D:5)
  15 orcs
  5 endoplasms
  A giant cockroach (D:4)
  7 goblins
  5 hobgoblins
  4 jackals (D:1)
  4 quokkas
  10 ball pythons
  5 bats
  6 frilled lizards
  16 kobolds
  3 rats
183 creatures vanquished.

Vanquished Creatures (others)
  3 plants (D:8)
3 creatures vanquished.

Grand Total: 186 creatures vanquished

Notes
Turn   | Place    | Note
-------+----------+-------------------------------------------
     0 | D:1      | AverageBear the Deep Dwarf Fighter began the quest for the
                  | Orb.
     0 | D:1      | Reached XP level 1. HP: 20/20 MP: 1/1
    96 | D:1      | Reached skill level 3 in Axes
    96 | D:1      | Reached XP level 2. HP: 22/27 MP: 2/2
   119 | D:1      | Found Plog's Antique Armour Shoppe.
   663 | D:2      | Reached XP level 3. HP: 19/33 MP: 3/3
   690 | D:2      | Noticed Natasha
   699 | D:2      | Killed Natasha
   700 | D:2      | Reached skill level 4 in Axes
   756 | D:2      | Reached XP level 4. HP: 29/40 MP: 4/4
   816 | D:2      | Reached skill level 5 in Axes
   964 | D:2      | Noticed Natasha
   969 | D:2      | Killed Natasha
  1656 | D:4      | Reached XP level 5. HP: 39/46 MP: 5/5
  1669 | D:4      | Gained mutation: You occasionally shout uncontrollably at
                  | your foes. [potion of mutation]
  1669 | D:4      | Gained mutation: You are covered in fur. (AC +1) [potion of
                  | mutation]
  1670 | D:4      | Lost mutation: You occasionally shout uncontrollably at
                  | your foes. [potion of mutation]
  1670 | D:4      | Lost mutation: You are covered in fur. (AC +1) [potion of
                  | mutation]
  1670 | D:4      | Gained mutation: Your magical capacity is low. (-10% MP)
                  | [potion of mutation]
  1670 | D:4      | Gained mutation: Your muscles are strong. (Str +2) [potion
                  | of mutation]
  1670 | D:4      | Gained mutation: You have large cloven feet. [potion of
                  | mutation]
  1671 | D:4      | Lost mutation: Your muscles are strong. (Str +2) [potion of
                  | mutation]
  1671 | D:4      | Lost mutation: Your magical capacity is low. (-10% MP)
                  | [potion of mutation]
  1671 | D:4      | Gained mutation: Your magical capacity is low. (-10% MP)
                  | [potion of mutation]
  1671 | D:4      | Gained mutation: You have a beak for a mouth. [potion of
                  | mutation]
  1671 | D:4      | Gained mutation: Your spells are a little harder to cast,
                  | but a little more powerful. [potion of mutation]
  1716 | D:4      | Found a snail-covered altar of Cheibriados.
  1726 | D:4      | Noticed an ice beast
  1738 | D:4      | Killed an ice beast
  1739 | D:4      | Reached skill level 6 in Axes
  1772 | D:4      | Noticed a lemure
  1772 | D:4      | Noticed a lemure
  1773 | D:4      | Noticed a lemure
  1774 | D:4      | Noticed Pikel
  1774 | D:4      | Noticed a lemure
  1783 | D:4      | Killed a lemure
  1794 | D:4      | Killed a lemure
  1795 | D:4      | Killed a lemure
  1799 | D:4      | Killed Pikel
  1800 | D:4      | Reached skill level 8 in Axes
  1800 | D:4      | Reached XP level 6. HP: 15/55 MP: 5/5
  1800 | D:4      | Reached XP level 7. HP: 17/61 MP: 6/6
  1846 | D:4      | Reached skill level 9 in Axes
  2441 | D:5      | Entered Level 5 of the Dungeon
  2689 | D:5      | Reached skill level 10 in Axes
  2689 | D:5      | Reached XP level 8. HP: 68/68 MP: 6/6
  2715 | D:5      | Found a transporter.
  2720 | D:5      | Noticed Firecrotchwizard's ghost (novice HOFi)
  2734 | D:5      | Found a transporter.
  2777 | D:5      | Found a shimmering altar of Xom.
  2795 | D:5      | Found a sparkling altar of Nemelex Xobeh.
  2811 | D:5      | Found an ornate altar of the Wu Jian Council.
  3460 | D:6      | Reached skill level 5 in Armour
  3523 | D:6      | Found Foroecamn's Serpentskin Sales.
  4127 | D:7      | Found a staircase to the Ecumenical Temple.
  4259 | Temple   | Entered the Ecumenical Temple
  4266 | Temple   | Became a worshipper of Makhleb the Destroyer
  4411 | D:7      | Gained mutation: You passively map the area around you.
                  | [Deep Dwarf growth]
  4411 | D:7      | Reached XP level 9. HP: 33/74 MP: 6/6
  4736 | D:7      | Lost mutation: Your magical capacity is low. (-10% MP)
                  | [potion of mutation]
  4736 | D:7      | Lost mutation: Your spells are a little harder to cast, but
                  | a little more powerful. [potion of mutation]
  4736 | D:7      | Lost mutation: You have a beak for a mouth. [potion of
                  | mutation]
  4736 | D:7      | Gained mutation: A frigid envelope surrounds you and
                  | freezes all who hurt you. [potion of mutation]
  4736 | D:7      | Gained mutation: Your magical capacity is low. (-10% MP)
                  | [potion of mutation]
  4736 | D:7      | Gained mutation: You sometimes lose the ability to read
                  | scrolls when taking damage. [potion of mutation]
  5060 | D:8      | Noticed Psyche
  5077 | D:8      | Killed Psyche
  5186 | D:8      | Reached skill level 5 in Dodging
  5496 | D:8      | Reached * piety under Makhleb
  5536 | D:8      | Identified a scroll of acquirement
  5536 | D:8      | Acquired the amulet of Forphon {Reflect Rampage SH+5
                  | Stlth+}
  5664 | D:8      | Reached XP level 10. HP: 41/81 MP: 7/7
  6389 | D:9      | Reached skill level 11 in Axes
  6406 | D:9      | Found a staircase to the Orcish Mines.
  6425 | D:9      | Noticed a two-headed ogre
  6448 | D:9      | Killed a two-headed ogre
  6449 | D:9      | Reached skill level 12 in Axes
  6457 | D:9      | Reached ** piety under Makhleb
  6540 | D:9      | Found Viprad's Antique Armour Shoppe.
  6751 | Orc:1    | Entered Level 1 of the Orcish Mines
  6760 | Orc:1    | Found Hathetit's Gadget Gallery.
  6874 | Orc:1    | Reached skill level 13 in Axes
  7022 | Orc:1    | Noticed an orc sorcerer
  7041 | Orc:1    | Noticed a rust devil
  7045 | Orc:1    | Killed an orc sorcerer
  7219 | Orc:2    | Entered Level 2 of the Orcish Mines
  7235 | Orc:2    | Noticed an ettin
  7237 | Orc:2    | Mangled by an ettin

Illustrated notes

Levels and vault maps discovered:
D:1:      saegor_arrival_simple_b, layout_loops_ring, serial_glass,
          glass_columns_b, glass_columns_a, serial_shops, shop
D:2:      layout_basic, uniq_natasha
D:3:      layout_loops_ring, serial_bayou_pond_e
D:4:      layout_basic, overflow_temple_1_default, uniq_pikel
D:5:      layout_basic, mainiacjoe_overflow_surrounded_room,
          mainiacjoe_overflow_catwalk_spiral, serial_glass, glass_columns_a,
          glass_columns_a, gammafunk_ghost_stat_death
D:6:      layout_loops_ring, guppyfry_shop_venom
D:7:      layout_basic, temple_fountains
D:8:      wad_lake_hut, layout_basic, grunt_decor_one_mirror, hex_medium,
          grunt_ministairs_2, uniq_psyche
D:9:      layout_cave_pools, orc_david_3, serial_shops, shop,
          kennysheep_generic_room_2
Temple:   nicolae_temple_no_exploring_needed
Orc:1:    layout_caves, nicolae_shop_gadgets
Orc:2:    st_orc_congregation, layout_caves, basic_altar,
          hellmonk_ghost_happy_afterlife, portal_ice_cave_rime

Skill      XL: |  1  2  3  4  5  6  7  8  9 10 |
---------------+-------------------------------+-----
Axes           | 3 4 5 8 10 13 | 13.4
Shields        | 4 |  4.0
Armour         | 8 9 |  9.1
Dodging        | 8 |  8.6
Fighting       | |  2.6

Action                   |  1- 3 |  4- 6 |  7- 9 | 10-12 || total
-------------------------+-------+-------+-------+-------++-------
Melee: War axe           |    94 |    93 |   184 |       ||   371
       Kick              |       |     7 |    40 |       ||    47
       Peck              |       |     4 |    41 |       ||    45
       Hand axe          |       |       |   105 |   134 ||   239
       Unarmed           |       |       |    13 |       ||    13
Throw: Throwing net      |       |       |       |     3 ||     3
 Abil: Heal Wounds       |     1 |     3 |     9 |     6 ||    19
Evoke: Wand              |       |       |     6 |     6 ||    12
  Use: Scroll            |       |     2 |     8 |     3 ||    13
       Potion            |       |     5 |     2 |     4 ||    11
 Stab: Held in net/web   |       |       |       |     4 ||     4
       Paralysed         |       |       |       |     3 ||     3
Armor: Scale mail        |    47 |    22 |       |       ||    69
       Plate armour      |       |    17 |   186 |    54 ||   257
Dodge: Dodged            |    52 |    28 |    83 |    37 ||   200
Block: Buckler           |    32 |    22 |    68 |    46 ||   168
       Reflection        |       |       |       |     8 ||     8

Table legend: (Time is in decaauts)
 A = Elapsed time spent in this place.
 B = Non-inter-level travel time spent in this place.
 C = Inter-level travel time spent in this place.
 D = Time resting spent in this place.
 E = Time spent auto-exploring this place.
 F = Levels seen in this place.
 G = Mean time per level.
                   A        B        C        D        E       F      G
               +--------+--------+--------+--------+--------+-----+--------+
         Total |   7278 |   6867 |    411 |     82 |   5036 |  12 |  606.5 |
       Dungeon |   6813 |   6418 |    395 |     60 |   4724 |   9 |  757.0 |
        Temple |     14 |     14 |      0 |      0 |      0 |   1 |   14.0 |
  Orcish Mines |    450 |    436 |     14 |     22 |    311 |   2 |  225.0 |
               +--------+--------+--------+--------+--------+-----+--------+

Top non-repeatable levels by time:
     D:8: 1208 daAuts
     D:7: 999 daAuts
     D:5: 921 daAuts
     D:4: 799 daAuts
     D:6: 678 daAuts
     D:1: 618 daAuts
     D:3: 557 daAuts
     D:2: 528 daAuts
     D:9: 500 daAuts
   Orc:1: 434 daAuts
   Orc:2: 16 daAuts
  Temple: 14 daAuts
